AoeStats
← Koti

Four Lakes

509690924Analyzed
1v1 RM · 5d ago on Sep 27, 2026· 26m 7s· 2 players
Game mode
Random Map
Map size
Tiny (2 player)
Population
200
Speed
Normal
Resources
Standard
Victory
Conquest
Starting age
Dark Age
Ending age
Imperial Age
RankedLock teamsTeams togetherTeam positionsShared explorationLock speedFull tech treeHidden civsTurbo modeCheats
Victory
Defeat
🇫🇷 Goths · France
1671
+15
🇺🇸 Chinese · United States
1652
-15
gh0stwr1ter
0:27 Loom
9:28 Feudal Age
10:21 Double-Bit Axe
11:29 Bloodlines
20:07 Horse Collar
22:47 Castle Age
20:52 Fishing Lines
22:23 Gold Mining
23:24 Fletching
24:01 Bodkin Arrow
24:41 Bow Saw
25:19 Scale Barding Armor
Koti
0:36 Loom
9:46 Feudal Age
10:29 Double-Bit Axe
16:10 Town Watch
19:37 Horse Collar
22:32 Castle Age
22:04 Scale Mail Armor
23:28 Medium Warships
23:34 Chain Mail Armor
22:48 Pikeman
23:54 Forging
24:04 Bow Saw
23:55 Heavy Plow
25:07 Squires
25:16 Fletching
27:18 Iron Casting
Connection lost

Rejoining the realm…

Still unreachable

The connection could not be restored.

Session expired

The server has moved on; the page needs a fresh start.